 Dungeon Crawl Stone Soup version 0.30-a0-137-gd8773701ce (webtiles) character file.

Game seed: 14397663173794329047

270 juncz the Magician (level 6, -7/47 HPs)
             Began as a Djinni Conjurer on Sept 23, 2022.
             Killed by miscasting Iskenderun's Mystic Blast (12 damage)
             ... on level 4 of the Dungeon.
             The game lasted 00:06:55 (4300 turns).

juncz the Magician (Djinni Conjurer)                Turns: 4300, Time: 00:06:55

Health: -7/47      AC:  3    Str:  6    XL:     6   Next: 47%
Gold:   131        EV: 12    Int: 22    God:
                   SH:  0    Dex: 11

rFire   + + +      SeeInvis .    e - +3 dagger
rCold   . . .      Faith    .    (no shield)
rNeg    . . .      Spirit   .    a - +0 robe
rPois   ∞          Reflect  .    t - +0 helmet
rElec   .          Harm     .    n - scarf {rC+ rF+}
rCorr   .          Rampage  .    (no gloves)
Will    .....                    (boots unavailable)
Stlth   ++........               s - amulet of regeneration
HPRegen 0.95/turn                (no ring)
MPRegen 0.00/turn                (no ring)

@: flying, very slightly contaminated
A: sickness immunity, fire resistance 2, cold vulnerability 1, float, innate
caster, HP casting, extra vitality 1
a: no special abilities


You were on level 4 of the Dungeon.
You visited 1 branch of the dungeon, and saw 4 of its levels.

You collected 131 gold pieces.

Inventory:

Hand Weapons
 e - a +3 dagger (weapon)
Armour
 a - a +0 robe (worn)
 n - a scarf of resistance (worn)
 t - a +0 helmet (worn)
Jewellery
 j - a ring of protection from fire
 s - an amulet of regeneration (around neck)
Scrolls
 b - 5 scrolls of teleportation {unknown}
 c - a scroll of immolation {unknown}
 g - a scroll of amnesia {unknown}
 h - 7 scrolls of identify {unknown}
 i - 2 scrolls of fear {unknown}
 u - a scroll of blinking {unknown}
 v - a scroll of poison {unknown}
Potions
 d - a potion of lignification {unknown}
 f - 4 potions of heal wounds {unknown}
 k - a potion of flight {unknown}
 l - a potion of curing {unknown}
 m - a potion of berserk rage {unknown}
 o - 2 potions of haste
 p - a potion of resistance {unknown}
 q - a potion of might {unknown}
 r - a potion of brilliance {unknown}


   Skills:
 + Level 4.0 Fighting
 - Level 2.1 Dodging
 - Level 1.5 Stealth
 + Level 4.6 Spellcasting


You couldn't memorise any spells.
You knew the following spells:

 Your Spells              Type           Power      Damage    Failure   Level
a - Magic Dart            Conj           100%       1d8       1%          1
b - Searing Ray           Conj           50%        2d6       2%          2
c - Dazzling Flash        Conj/Hex       50%        N/A       4%          3
d - Fulminant Prism       Conj/Hex       12%        3d9       16%         4
e - Iskenderun's Mystic   Conj/Tloc      25%        2d7       16%         4
f - Summon Small Mammal   Summ           100%       N/A       1%          1
g - Blink                 Tloc           50%        N/A       2%          2
Your spell library was empty.

Dungeon Overview and Level Annotations

Branches:
Dungeon (4/15)
 Temple: D:4-7

Altars:

Annotations:
D:4 Edmund


Innate Abilities, Weirdness & Mutations

You are immune to sickness and miasma.
You are immune to poison.
Your flesh is very heat resistant. (rF++)
You are vulnerable to cold. (rC-)
You float through the air rather than walking.
You learn spells naturally, not from books.
Your magical power is your life essence.
You have superior vitality. (+4 MHP)


Message History

Your fulminant prism crackles loudly.
Your fulminant prism explodes!
The blast of energy engulfs Edmund!
Edmund is heavily wounded.
Casting: Iskenderun's Mystic Blast (quite dangerous; 16% risk of failure)
Confirm with . or Enter, or press ? or * to list all spells.
You can't see any susceptible monsters within range! (Use Z to cast anyway.)
Casting: Iskenderun's Mystic Blast (quite dangerous; 16% risk of failure)
Confirm with . or Enter, or press ? or * to list all spells.
Aiming: Fulminant Prism (quite dangerous; 16% risk of failure)
Press: ? - help, Dir - move target You miscast Fulminant Prism.
Energy rips through your body.
Casting: Fulminant Prism (quite dangerous; 16% risk of failure)
Confirm with . or Enter, or press ? or * to list all spells.
You erupt in a blast of force!
The mystic blast hits Edmund.
Edmund is heavily wounded.
Casting: Iskenderun's Mystic Blast (quite dangerous; 16% risk of failure)
Confirm with . or Enter, or press ? or * to list all spells.
You erupt in a blast of force!
The mystic blast hits Edmund but does no damage.
Edmund is heavily wounded.
* * * LOW HITPOINT WARNING * * *
Edmund misses you.
Casting: Iskenderun's Mystic Blast (quite dangerous; 16% risk of failure)
Confirm with . or Enter, or press ? or * to list all spells.
You erupt in a blast of force!
The mystic blast hits Edmund but does no damage.
Edmund is heavily wounded.
* * * LOW HITPOINT WARNING * * *
Edmund closely misses you.
Casting: Iskenderun's Mystic Blast (quite dangerous; 16% risk of failure)
Confirm with . or Enter, or press ? or * to list all spells.
You erupt in a blast of force!
The mystic blast hits Edmund.
Edmund is severely wounded.
Edmund is knocked back by the mystic blast.
* * * LOW HITPOINT WARNING * * *
Casting: Iskenderun's Mystic Blast (quite dangerous; 16% risk of failure)
Confirm with . or Enter, or press ? or * to list all spells.
You miscast Iskenderun's Mystic Blast.
Strange energies run through your body!
You die...

####..# ##>.#
##...#
###....#
#......#
#......#
#......#
#......##
#!.@.=..#
##.†........
#..@#...$....
#.......#####
##......#
#......#
##......
##.....#


You could see Edmund.

Vanquished Creatures
  2 orc priests (D:3)
  Natasha (thrice) (D:3)
  An orc wizard (D:3)
  6 adders
  A dart slug (D:1)
  6 orcs (D:3)
  5 bats
  4 endoplasms
  7 goblins
  3 hobgoblins
  A jackal (D:1)
  4 kobolds
  A quokka (D:2)
  11 ball pythons
  2 frilled lizards (D:1)
  3 rats
60 creatures vanquished.

Vanquished Creatures (others)
  2 fulminant prisms (D:4)
2 creatures vanquished.

Grand Total: 62 creatures vanquished

Notes
Turn   | Place    | Note
-------+----------+-------------------------------------------
     0 | D:1      | juncz the Djinni Conjurer began the quest for the Orb.
     0 | D:1      | juncz set off with the following spells memorised: Magic
                  | Dart, Searing Ray, Dazzling Flash, Fulminant Prism,
                  | Iskenderun's Mystic Blast.
     0 | D:1      | Reached XP level 1. HP: 15/15 MP: 0/0
   557 | D:1      | Reached skill level 1 in Fighting
   557 | D:1      | Reached XP level 2. HP: 16/22 MP: 0/0
  1303 | D:1      | Reached XP level 3. HP: 24/27 MP: 0/0
  1303 | D:1      | Learned a level 1 spell: Summon Small Mammal
  2134 | D:2      | Reached XP level 4. HP: 29/33 MP: 0/0
  2289 | D:2      | Found a faded altar of an unknown god.
  2812 | D:3      | Reached XP level 5. HP: 33/40 MP: 0/0
  2812 | D:3      | Learned a level 2 spell: Blink
  3873 | D:3      | Noticed Natasha
  3876 | D:3      | Killed Natasha
  3877 | D:3      | Reached XP level 6. HP: 43/47 MP: 0/0
  4015 | D:3      | Noticed Natasha
  4020 | D:3      | Killed Natasha
  4145 | D:3      | Noticed Natasha
  4151 | D:3      | Killed Natasha
  4284 | D:4      | Noticed Edmund
  4300 | D:4      | Killed by miscasting Iskenderun's Mystic Blast

Illustrated notes

Levels and vault maps discovered:
D:1:      dpeg_arrival_three_bigger_balls, layout_basic,
          chequers_serial_rivers_micro_a, minmay_indecisive_spiral
D:2:      layout_loops_ring, shapermc_ecumenical_altar_starsandcircs,
          palyth_stone_intersect
D:3:      layout_loops_corners, kennysheep_flooded_box, dk_noncrumbling_3,
          grunt_decor_one_mirror, uniq_natasha
D:4:      layout_cave_pods, zin_purify, serial_bayou, serial_bayou_pond_c,
          serial_bayou_lake_a, serial_bayou_lagoon_a, serial_bayou_shore_b,
          uniq_edmund

Skill      XL: |  1  2  3  4  5  6 |
---------------+-------------------+-----
Fighting       | 1 2 3 4 |  4.0
Spellcasting   | 4 |  4.6
Dodging        | |  2.1
Stealth        | |  1.5

Action                   |  1- 3 |  4- 6 || total
-------------------------+-------+-------++-------
Melee: Dagger            |       |    14 ||    14
 Cast: Magic Dart        |    70 |    58 ||   128
       Iskenderun's Myst |       |    11 ||    11
       Fulminant Prism   |       |     2 ||     2
Armor: Robe              |     4 |       ||     4
Dodge: Dodged            |    11 |    14 ||    25

Table legend: (Time is in decaauts)
 A = Elapsed time spent in this place.
 B = Non-inter-level travel time spent in this place.
 C = Inter-level travel time spent in this place.
 D = Time resting spent in this place.
 E = Time spent auto-exploring this place.
 F = Levels seen in this place.
 G = Mean time per level.
                   A        B        C        D        E       F      G
               +--------+--------+--------+--------+--------+-----+--------+
         Total |   4297 |   4068 |    229 |    773 |   3006 |   4 | 1074.2 |
       Dungeon |   4297 |   4068 |    229 |    773 |   3006 |   4 | 1074.2 |
               +--------+--------+--------+--------+--------+-----+--------+

Top non-repeatable levels by time:
     D:1: 1686 daAuts
     D:3: 1636 daAuts
     D:2: 833 daAuts
     D:4: 140 daAuts
